 Dungeon Crawl Stone Soup version 0.25-b1-41-g19641232cd (console) character file.

Game seed: 9866507792945213088

7889 Kagalorn the Fighter (level 11, -3/89 HPs)
             Began as a Gnoll Wanderer on June 8, 2020.
             Was a High Priest of Okawaru.
             Blown up by a great orb of eyes (29 damage)
             ... with a disintegration bolt
             ... while paralysed by a great orb of eyes
             ... on level 9 of the Dungeon.
             The game lasted 00:33:13 (13835 turns).

Kagalorn the Fighter (Gnoll Wanderer)              Turns: 13835, Time: 00:33:13

Health: -3/89      AC: 11    Str: 16    XL:     11   Next: 22%
Magic:  17/20      EV:  2    Int: 26    God:    Okawaru [*****.]
Gold:   640        SH:  0    Dex: 11    Spells: 14/22 levels left

rFire    . . .     SeeInvis .   a - +6 long sword (freeze)
rCold    . . .     Gourm    .   d - +0 buckler
rNeg     . . .     Faith    .   Y - +0 acid dragon scales
rPois    +         Spirit   .   V - +0 helmet
rElec    .         Reflect  .   B - +1 cloak {rCorr}
rCorr    +         Harm     .   (no gloves)
MR       .....                  (no boots)
Stlth    +++.......             (no amulet)
HPRegen  0.24/turn              T - +6 ring of intelligence
MPRegen  0.17/turn              S - ring of poison resistance

@: paralysed
A: distributed training, fangs 1, strong nose
a: Heroism, Finesse, Renounce Religion


You were on level 9 of the Dungeon.
You worshipped Okawaru.
Okawaru was extremely pleased with you.
You were very hungry.

You visited 2 branches of the dungeon, and saw 10 of its levels.
You also visited: Sewer.

You collected 640 gold pieces.

Inventory:

Hand Weapons
 a - a +6 long sword of freezing (weapon)
 b - a +1 hunting sling of flaming
 e - a +1 antimagic morningstar
 w - a +2 dagger of venom
Missiles
 h - 319 stones
 m - 71 arrows
 p - 5 javelins
 q - 28 poisoned darts (quivered)
 t - 89 sling bullets
 N - 8 silver javelins
 Q - 10 boomerangs
Armour
 d - a +0 buckler (worn)
 B - a +1 cloak of preservation (worn)
 V - a +0 helmet (worn)
 Y - +0 acid dragon scales (worn)
Magical Staves
 X - an uncursed staff of fire
Jewellery
 y - an uncursed ring of magical power
 J - an uncursed ring of flight
 K - a +6 ring of strength
 P - an uncursed ring of fire
 S - a ring of poison resistance (right hand)
 T - a +6 ring of intelligence (left hand)
Wands
 G - a wand of random effects (25)
 O - a wand of acid (7)
 R - a wand of paralysis (10)
 W - a wand of digging (5)
Scrolls
 c - 4 scrolls of teleportation
 f - a scroll of blinking
 i - 3 scrolls of enchant weapon
 k - a scroll of fog
 n - 4 scrolls of enchant armour
 u - 2 scrolls of fear
 x - a scroll of vulnerability
 H - 4 scrolls of remove curse
 L - a scroll of magic mapping
 U - a scroll of torment {unknown}
Potions
 j - 7 potions of flight
 o - 3 potions of degeneration {unknown}
 r - 3 potions of brilliance
 s - a potion of magic {unknown}
 v - 5 potions of curing
 z - a potion of ambrosia {unknown}
 A - a potion of lignification
 C - 2 potions of mutation
 D - 2 potions of might
 E - 3 potions of stabbing
 F - 4 potions of heal wounds
 M - 2 potions of cancellation
Comestibles
 g - 16 rations


   Skills:
 + Level 9.0 Fighting
 + Level 6.0 Short Blades
 + Level 6.0 Long Blades
 + Level 6.5 Axes
 + Level 6.0 Maces & Flails
 + Level 6.0 Polearms
 + Level 6.0 Staves
 + Level 6.0 Slings
 + Level 6.0 Bows
 + Level 6.0 Crossbows
 + Level 6.0 Throwing
 + Level 6.0 Armour
 + Level 7.6 Dodging
 + Level 6.0 Stealth
 + Level 6.5 Shields
 + Level 7.6 Unarmed Combat
 + Level 6.0 Spellcasting
 + Level 4.9 Conjurations
 + Level 4.9 Hexes
 + Level 4.9 Charms
 + Level 4.9 Summonings
 + Level 4.9 Necromancy
 + Level 4.9 Translocations
 + Level 4.9 Transmutations
 + Level 4.9 Fire Magic
 + Level 4.9 Ice Magic
 + Level 4.9 Air Magic
 + Level 4.9 Earth Magic
 + Level 4.9 Poison Magic
 + Level 6.5 Invocations
 + Level 6.5 Evocations


You had 14 spell levels left.
You knew the following spells:

 Your Spells              Type           Power        Failure   Level  Hunger
b - Spectral Weapon       Hex/Chrm       ####....     3%          3    None
e - Mephitic Cloud        Conj/Pois/Air  ####....     3%          3    None
g - Blink                 Tloc           N/A          1%          2    None

Your spell library contained the following spells:

 Spells                   Type           Power        Failure   Level  Hunger
 Infusion                 Chrm           ####         1%          1    None
 Magic Dart               Conj           ####         1%          1    None
 Call Imp                 Summ           ####....     1%          2    None
 Shroud of Golubria       Chrm/Tloc      ####..       1%          2    None
 Slow                     Hex            ####....     1%          2    None
 Song of Slaying          Chrm           ####....     1%          2    None
 Conjure Flame            Conj/Fire      ####....     3%          3    None
 Ozocubu's Armour         Chrm/Ice       ####....     3%          3    None


Dungeon Overview and Level Annotations

Branches:
Dungeon (9/15)             Temple (1/1) D:6           Sewer (visited)
   Lair: D:8-11         Orc: D:9-12

Altars:
Ashenzari
Cheibriados
Dithmenos
Elyvilon
Fedhas
Gozag
Hepliaklqana
Kikubaaqudgha
Makhleb
Nemelex Xobeh
Okawaru
Qazlal
Ru
Sif Muna
Trog
Uskayaw
Vehumet
Wu Jian
Xom
Yredelemnul
Zin
The Shining One


Innate Abilities, Weirdness & Mutations

Your experience applies equally to all skills.
You have very sharp teeth.
Your uncanny sense of smell can sniff out nearby items.


Message History

You block the great orb of eyes's attack.
You hit the great orb of eyes. You freeze the great orb of eyes.
The great orb of eyes is almost dead.
The great orb of eyes bites you.
You hit the great orb of eyes but do no damage.
The great orb of eyes is almost dead.
The great orb of eyes bites you!
You hit the great orb of eyes but do no damage.
The great orb of eyes is almost dead.
The great orb of eyes gazes at you.
You suddenly lose the ability to move!
The great orb of eyes bites you. The great orb of eyes bites you!
* * * LOW HITPOINT WARNING * * *
The great orb of eyes gazes at you.
You feel your power leaking away.
The great orb of eyes bites you but does no damage.
The great orb of eyes gazes at you.
You are blasted!
You die...

#.# ####........ #.#
**######### #.# *###....* #=#
###.......* #.# #........G*
#.# ####'##***+** #.#
#[#...#**,,,* #.#
##)G..##,,,,,###### #.#
#.@#)##,,,,,,#...). #.#
#..###,******#.#### #.#
##..#*,,******#.# #.#
#...#*,,**∆∆∆*#.# #.#
#...#,,,****∆*#.####
#.#########...#,,,+,∆,,*#.....
#.........#...#,,,******#####.
#########.##'############...#.
#.##...........##.#.#.


You could see a great orb of eyes.

Vanquished Creatures
  A centaur warrior (D:9)
  2 two-headed ogres (D:8)
  Maggie (D:9)
  2 trolls (D:9)
  4 yaks (D:9)
  2 steam dragons (D:6)
  3 black bears (D:9)
  2 orc warriors
  A sky beast (D:6)
  3 phantoms
  An ice beast (D:7)
  4 ogres
  A centaur (D:6)
  3 big kobolds
  A water moccasin zombie (D:5)
  3 scorpions
  8 killer bees
  10 wights
  A howler monkey (D:4)
  4 crimson imps
  A centaur zombie (D:9)
  2 bullfrog zombies
  A quasit (D:6)
  An iron imp (D:8)
  9 orc priests
  8 hounds
  A jelly (D:7)
  7 orc wizards
  5 iguanas
  Ijyb (D:5)
  10 worker ants
  A hound zombie (D:5)
  A hound skeleton (D:6)
  A worker ant zombie (D:7)
  3 gnolls (D:2)
  8 adders
  8 river rats (Sewer)
  A shadow imp (D:7)
  4 oozes
  A worm (D:2)
  3 dart slugs
  7 leopard geckos
  47 orcs
  6 ball pythons
  7 giant cockroaches
  4 goblins
  10 hobgoblins
  8 jackals
  43 kobolds
  2 quokkas
  4 bats
  3 frilled lizards
  A giant cockroach zombie (D:3)
  2 leopard gecko skeletons (D:5)
  2 leopard gecko zombies
  25 rats
305 creatures vanquished.

Vanquished Creatures (others)
  A kobold (D:5)
1 creature vanquished.

Grand Total: 306 creatures vanquished

Notes
Turn   | Place    | Note
-------+----------+-------------------------------------------
     0 | D:1      | Kagalorn the Gnoll Wanderer began the quest for the Orb.
     0 | D:1      | Kagalorn set off with the following items: a +0 club, a
                  | scroll of fear, a scroll of teleportation, a +0 buckler, a
                  | +0 robe, a scroll of blinking, a ration
     0 | D:1      | Reached XP level 1. HP: 23/23 MP: 2/2
   453 | D:1      | Reached XP level 2. HP: 28/29 MP: 3/3
   936 | D:1      | Reached XP level 3. HP: 23/35 MP: 4/4
  1521 | D:2      | Reached skill level 1 in Invocations
  1578 | D:2      | Reached skill level 1 in Short Blades
  1578 | D:2      | Reached skill level 1 in Long Blades
  1578 | D:2      | Reached skill level 1 in Maces & Flails
  1578 | D:2      | Reached skill level 1 in Polearms
  1578 | D:2      | Reached skill level 1 in Staves
  1578 | D:2      | Reached skill level 1 in Slings
  1578 | D:2      | Reached skill level 1 in Bows
  1578 | D:2      | Reached skill level 1 in Crossbows
  1578 | D:2      | Reached skill level 1 in Throwing
  1578 | D:2      | Reached skill level 1 in Armour
  1578 | D:2      | Reached skill level 1 in Stealth
  1578 | D:2      | Reached skill level 1 in Spellcasting
  1578 | D:2      | Reached XP level 4. HP: 37/41 MP: 4/6
  1654 | D:2      | Found a glowing golden altar of the Shining One.
  1798 | D:2      | Reached skill level 1 in Conjurations
  1798 | D:2      | Reached skill level 1 in Hexes
  1798 | D:2      | Reached skill level 1 in Charms
  1798 | D:2      | Reached skill level 1 in Summonings
  1798 | D:2      | Reached skill level 1 in Necromancy
  1798 | D:2      | Reached skill level 1 in Translocations
  1798 | D:2      | Reached skill level 1 in Transmutations
  1798 | D:2      | Reached skill level 1 in Fire Magic
  1798 | D:2      | Reached skill level 1 in Ice Magic
  1798 | D:2      | Reached skill level 1 in Air Magic
  1798 | D:2      | Reached skill level 1 in Earth Magic
  1798 | D:2      | Reached skill level 1 in Poison Magic
  2181 | D:3      | Reached XP level 5. HP: 34/47 MP: 7/7
  2195 | D:3      | Found a radiant altar of Vehumet.
  2538 | D:3      | Found a glowing drain.
  2543 | D:3      | Reached XP level 6. HP: 52/53 MP: 8/8
  2548 | Sewer    | Entered a sewer
  3050 | Sewer    | Reached skill level 5 in Dodging
  3050 | Sewer    | Reached skill level 5 in Unarmed Combat
  4059 | D:4      | Reached XP level 7. HP: 38/59 MP: 10/10
  4344 | D:4      | Reached skill level 7 in Fighting
  4476 | D:4      | Found an iron altar of Okawaru.
  4507 | D:4      | Became a worshipper of Warmaster Okawaru
  5047 | D:5      | Entered Level 5 of the Dungeon
  5125 | D:4      | Reached * piety under Okawaru
  5359 | D:4      | Reached XP level 8. HP: 59/67 MP: 12/12
  5761 | D:5      | Noticed Ijyb
  5792 | D:5      | Killed Ijyb
  6886 | D:6      | Reached ** piety under Okawaru
  7201 | D:6      | Found a staircase to the Ecumenical Temple.
  7212 | Temple   | Entered the Ecumenical Temple
  7559 | D:6      | Reached XP level 9. HP: 60/72 MP: 14/14
  8328 | D:6      | Found a glowing silver altar of Zin.
  8973 | D:7      | Reached skill level 5 in Axes
  8973 | D:7      | Reached skill level 5 in Shields
  8973 | D:7      | Reached skill level 5 in Evocations
  9226 | D:6      | Reached *** piety under Okawaru
  9366 | D:7      | Reached skill level 8 in Fighting
  9921 | D:7      | Learned a level 2 spell: Blink
 10004 | D:6      | Reached skill level 5 in Invocations
 10044 | D:7      | Received a gift from Okawaru
 10197 | D:8      | Found an opulent altar of Gozag.
 10352 | D:8      | Noticed a two-headed ogre
 10394 | D:8      | Killed a two-headed ogre
 10394 | D:8      | Reached XP level 10. HP: 27/80 MP: 17/17
 11266 | D:8      | Reached skill level 5 in Short Blades
 11266 | D:8      | Reached skill level 5 in Long Blades
 11266 | D:8      | Reached skill level 5 in Maces & Flails
 11266 | D:8      | Reached skill level 5 in Polearms
 11266 | D:8      | Reached skill level 5 in Staves
 11266 | D:8      | Reached skill level 5 in Slings
 11266 | D:8      | Reached skill level 5 in Bows
 11266 | D:8      | Reached skill level 5 in Crossbows
 11266 | D:8      | Reached skill level 5 in Throwing
 11266 | D:8      | Reached skill level 5 in Armour
 11266 | D:8      | Reached skill level 5 in Stealth
 11266 | D:8      | Reached skill level 5 in Spellcasting
 11922 | D:8      | Noticed a two-headed ogre
 11960 | D:8      | Killed a two-headed ogre
 11960 | D:8      | Reached **** piety under Okawaru
 12121 | D:8      | Found a snail-covered altar of Cheibriados.
 12497 | D:9      | Found a stormy altar of Qazlal.
 12634 | D:9      | Found a bloodstained altar of Trog.
 12634 | D:9      | Noticed Maggie
 12645 | D:9      | Killed Maggie
 12968 | D:9      | Learned a level 3 spell: Mephitic Cloud
 13069 | D:9      | Learned a level 3 spell: Spectral Weapon
 13094 | D:9      | Found a sparkling altar of Nemelex Xobeh.
 13345 | D:9      | Reached XP level 11. HP: 71/87 MP: 17/19
 13545 | D:9      | Noticed a centaur warrior
 13552 | D:9      | Killed a centaur warrior
 13552 | D:9      | Reached ***** piety under Okawaru
 13560 | D:9      | Noticed a great orb of eyes
 13817 | D:9      | Reached skill level 9 in Fighting
 13830 | D:9      | Paralysed by a great orb of eyes for 7 turns
 13835 | D:9      | Blown up by a great orb of eyes

Illustrated notes

Levels and vault maps discovered:
D:1:      heliophobic_arrival_glass_houses, layout_basic
D:2:      layout_rooms, lemuel_round_altar
D:3:      layout_loops_corners, nicolae_overflow_crystal_walls,
          gup_sewer_entry_pipe, hangedman_decor_push
D:4:      layout_cave_pools, okawaru_metal_pillars_3, first_ration
D:5:      layout_cave_pools, serial_column_ruins, column_ruins_square_medium,
          column_ruins_hut, column_ruins_open_small,
          column_ruins_columns_dead_end, column_ruins_open_medium,
          column_ruins_corridor_plus, column_ruins_open_small,
          chequers_serial_rivers_micro_d, uniq_ijyb
D:6:      cheibrodos_steamvent, layout_loops_cross, zin_statuary,
          minmay_temple_entry_poolview
D:7:      layout_rooms
D:8:      layout_gridville, slow_altar_2,
          nicolae_gozag_cash_rules_everything_around_me
D:9:      minmay_sliced_demisemicircle, layout_basic, trog_ov_bears_minmay,
          nemelex_xobeh_ov_fountains_minmay, nicolae_qazlal_general_emergency,
          uniq_maggie
Temple:   oiseaux_autumnal_temple

Skill      XL: |  1  2  3  4  5  6  7  8  9 10 11 |
---------------+----------------------------------+-----
Invocations    | 1 2 3 4 5 6 |  6.5
Short Blades   | 1 2 3 4 5 6 |  6.0
Long Blades    | 1 2 3 4 5 6 |  6.0
Maces & Flails | 1 2 3 4 5 6 |  6.0
Polearms       | 1 2 3 4 5 6 |  6.0
Staves         | 1 2 3 4 5 6 |  6.0
Slings         | 1 2 3 4 5 6 |  6.0
Bows           | 1 2 3 4 5 6 |  6.0
Crossbows      | 1 2 3 4 5 6 |  6.0
Throwing       | 1 2 3 4 5 6 |  6.0
Armour         | 1 2 3 4 5 6 |  6.0
Stealth        | 1 2 3 4 5 6 |  6.0
Spellcasting   | 1 2 3 4 5 6 |  6.0
Conjurations   | 1 2 3 4 |  4.9
Hexes          | 1 2 3 4 |  4.9
Charms         | 1 2 3 4 |  4.9
Summonings     | 1 2 3 4 |  4.9
Necromancy     | 1 2 3 4 |  4.9
Translocations | 1 2 3 4 |  4.9
Transmutations | 1 2 3 4 |  4.9
Fire Magic     | 1 2 3 4 |  4.9
Ice Magic      | 1 2 3 4 |  4.9
Air Magic      | 1 2 3 4 |  4.9
Earth Magic    | 1 2 3 4 |  4.9
Poison Magic   | 1 2 3 4 |  4.9
Axes           | 3 4 5 6 |  6.5
Shields        | 3 4 5 6 |  6.5
Evocations     | 3 4 5 6 |  6.5
Dodging        | 5 6 7 |  7.6
Unarmed Combat | 5 6 7 |  7.6
Fighting       | 7 8 9 |  9.0

Action                   |  1- 3 |  4- 6 |  7- 9 | 10-12 || total
-------------------------+-------+-------+-------+-------++-------
Melee: Unarmed           |    63 |       |       |       ||    63
       Bite              |     7 |    17 |    86 |    19 ||   129
       Dagger            |    31 |   258 |   591 |    87 ||   967
       Morningstar       |       |       |    40 |       ||    40
       Long sword        |       |       |    20 |   151 ||   171
       Staff             |       |       |       |    24 ||    24
 Fire: Hunting sling     |       |       |     7 |       ||     7
Throw: Dart              |       |       |    10 |    13 ||    23
 Cast: Blink             |       |       |       |     2 ||     2
       Spectral Weapon   |       |       |       |     2 ||     2
Invok: Heroism           |       |       |       |     1 ||     1
Evoke: Wand              |       |       |       |     1 ||     1
  Use: Scroll            |       |     1 |     7 |     6 ||    14
       Potion            |       |       |     2 |     1 ||     3
 Stab: Sleeping          |     1 |       |       |     6 ||     7
       Paralysed         |       |       |       |     4 ||     4
  Eat: Chunk             |     2 |     8 |    17 |     7 ||    34
       Ration            |       |       |     1 |     1 ||     2
Armor: Robe              |     5 |       |       |       ||     5
       Scale mail        |     8 |   104 |   258 |    81 ||   451
       Skin              |       |       |       |    53 ||    53
       Acid dragon scale |       |       |       |    35 ||    35
Dodge: Dodged            |    29 |   131 |   388 |   165 ||   713
Block: Buckler           |    15 |    53 |   157 |    69 ||   294
       Rpst.: Long sword |       |       |       |    16 ||    16
